 Dungeon Crawl Stone Soup version 0.19-a0 (webtiles) character file.

2559 Mefis the Thaumaturge (level 9, 0/45 HPs)
             Began as a Deep Elf Wizard on Apr 27, 2016.
             Slain by a wight
             ... wielding a cursed +3 halberd
              (2 damage)
             ... on level 7 of the Dungeon.
             The game lasted 00:50:53 (9022 turns).

Mefis the Thaumaturge (Deep Elf Wizard)             Turns: 9022, Time: 00:50:54

Health: 0/45       AC:  7    Str:  4 (6)  XL:     9   Next: 31%
Magic:  0/23       EV: 20    Int: 29      God:
Gold:   224        SH:  0    Dex: 13      Spells: 7 memorised, 9 levels left

rFire  . . .     SeeInvis .     q - +2 shortbow (evade)
rCold  . . .     Gourm    .     u - +1 animal skin
rNeg   . . .     Faith    .     (shield currently unavailable)
rPois  .         Spirit   .     b - +0 hat
rElec  .         Dismiss  .     j - +0 cloak
rCorr  .         Reflect  .     (no gloves)
SustAt .         Harm     .     (no boots)
MR     .....                    (no amulet)
Stlth  ++++......               (no ring)
                                A - +2 ring of protection

@: about to teleport, very slightly contaminated, drained, not resistant to
hostile enchantments, stealthy
A: molten scales 1, clever 1, strong 1
a: no special abilities


You were on level 7 of the Dungeon.
You were full.

You visited 2 branches of the dungeon, and saw 9 of its levels.

You collected 224 gold pieces.

Inventory:

Hand Weapons
 f - a +2 dagger of venom
 i - a +2 quarterstaff of chaos
 l - a cursed -2 dagger
 q - a +2 shortbow of evasion (weapon)
 r - a +1 dagger of flaming
 J - a +0 shortbow
Missiles
 m - 26 poisoned needles
 K - 74 arrows (quivered)
Armour
 a - a +0 robe
 b - a +0 hat (worn)
 j - a +0 cloak (worn)
 u - a +1 animal skin (worn)
Jewellery
 A - a +2 ring of protection (left hand)
Wands
 I - a wand of teleportation (2/9)
Scrolls
 g - 4 scrolls of remove curse
 o - 3 scrolls of amnesia
 t - a scroll of enchant weapon {unknown}
 v - a scroll of recharging
 y - a scroll of fog
 B - a scroll of random uselessness
Potions
 e - 3 potions of haste
 h - 2 potions of curing
 n - 3 potions of degeneration
 p - a potion of might {unknown}
 x - a potion of agility {unknown}
 z - a potion of brilliance {unknown}
 D - a potion of flight {unknown}
 E - a potion of mutation
 F - a potion of resistance
 G - a potion of cure mutation {unknown}
Books
 c - a book of Minor Magic

   Spells                             Type                      Level
   a - Magic Dart                     Conjuration                  1
   b - Blink                          Translocation                2
   c - Call Imp                       Summoning                    2
   d - Repel Missiles                 Charms/Air                   2
   e - Slow                           Hexes                        2
   f - Conjure Flame                  Conjuration/Fire             3
   g - Mephitic Cloud                 Conjuration/Poison/Air       3
Comestibles
 d - 5 bread rations
 k - 4 fruits
 C - a meat ration
 H - a slice of pizza


   Skills:
 + Level 2.4(1.8) Bows
 + Level 7.0(6.4) Dodging
 + Level 8.0(7.4) Stealth
 + Level 8.3(7.6) Spellcasting
 + Level 5.7(5.2) Conjurations
 + Level 2.9(2.3) Hexes
 + Level 3.1(2.6) Summonings
 + Level 2.7(2.2) Translocations
 + Level 2.2(1.7) Fire Magic
 + Level 2.5(1.9) Poison Magic


You had 9 spell levels left.
You knew the following spells:

 Your Spells              Type           Power        Failure   Level  Hunger
a - Magic Dart            Conj           ####         1%          1    None
b - Call Imp              Summ           ####....     2%          2    None
c - Blink                 Tloc           N/A          2%          2    None
d - Repel Missiles        Chrm/Air       ##....       10%         2    None
e - Mephitic Cloud        Conj/Pois/Air  ####....     8%          3    None
f - Conjure Flame         Conj/Fire      ####....     4%          3    None
g - Slow                  Hex            ###.....     2%          2    None


Dungeon Overview and Level Annotations

Branches:
Dungeon (8/15)             Temple (1/1) D:5
   Lair: D:8-11

Altars:
Cheibriados
Dithmenos
Elyvilon
Fedhas
Gozag
Kikubaaqudgha
Makhleb
Nemelex Xobeh
Pakellas
Qazlal
Ru
Trog
Vehumet
Xom
Yredelemnul
Zin
The Shining One

Shops:
D:4 }

Annotations:
D:1 Potion behind wall
D:4 Good Shop
D:7 Pikel


Innate Abilities, Weirdness & Mutations

You are partially covered in molten scales (AC +1).
Your mind is acute. (Int +2)
Your muscles are strong. (Str +2)


Message History

Casting: Conjure Flame
Confirm with . or Enter, or press ? or * to list all spells.
Aiming: Conjure Flame
Press: ? - help, Dir - move target cursor The fire roars!
The wight closely misses you.
Read which item? (? for menu, Esc to quit)
Okay, then.
Evoke which item? (* to show all) (? for menu, Esc to quit)
Zapping:
I - a wand of teleportation (3/9)
Press: ? - help, Shift-Dir - straight line, f - you You feel strangely unstable.
This wand has 2 charges left.
Casting: Conjure Flame
Confirm with . or Enter, or press ? or * to list all spells.
Aiming: Conjure Flame
Press: ? - help, Dir - move target cursor The fire roars!
The wight hits you from afar with an enchanted halberd!
* * * LOW HITPOINT WARNING * * *
You feel drained.
You die...

########
#.o§@§.#
#.####z#
#.#..#.#
#o#..#.#
#o#..#.######
#o#..#.#....
#.#..#....#
((#..###..#
.(#..#....#


You could see an orc warrior and a wight.

Vanquished Creatures
  Sigmund (D:2)
  A water moccasin (D:5)
  An orc warrior (D:6)
  A phantom (D:6)
  6 ogres
  4 centaurs
  A giant frog (D:7)
  A scorpion (D:6)
  A howler monkey (D:7)
  A giant frog zombie (D:5)
  2 orc priests
  Crazy Yiuf (D:2)
  A hound (D:5)
  A gnoll shaman (D:6)
  5 orc wizards
  6 worker ants
  2 hound skeletons
  A worker ant zombie (D:5)
  Robin (D:3)
  A howler monkey skeleton (D:6)
  5 gnolls (D:6)
  5 adders
  An ooze (D:2)
  2 adder skeletons
  2 worms
  3 dart slugs (D:1)
  3 giant geckos
  11 orcs
  6 bats
  3 giant cockroaches (D:1)
  8 goblins
  8 hobgoblins
  11 jackals
  2 quokkas
  A ball python (D:1)
  A giant gecko skeleton (D:6)
  4 giant newts
  2 gnoll zombies (D:3)
  7 kobolds
  A quokka zombie (D:7)
  5 rats
130 creatures vanquished.

Vanquished Creatures (collateral kills)
  The ghost of Duffy the Cleaver, a novice FoWr (D:5)
  The ghost of Yehuk the Covered, an amateur GrFi (D:4)
  2 orc warriors (D:6)
  An ogre (D:5)
  The ghost of Gruesome the Insei, an amateur OpTm (D:3)
  A giant frog (Temple)
  A scorpion (D:5)
  2 wights (D:6)
  An orc priest (D:6)
  An orc wizard (D:6)
  A worker ant (D:3)
  An adder (D:2)
  A worm (D:3)
  2 giant geckos
  5 orcs
  5 goblins (D:3)
  A hobgoblin (D:3)
28 creatures vanquished.

Vanquished Creatures (others)
  An orc wizard (D:5)
  A goblin (D:3)
  A plant (D:5)
3 creatures vanquished.

Grand Total: 161 creatures vanquished

Notes
Turn   | Place    | Note
--------------------------------------------------------------
     0 | D:1      | Mefis the Deep Elf Wizard began the quest for the Orb.
     0 | D:1      | Reached XP level 1. HP: 10/10 MP: 7/7
   236 | D:1      | Reached XP level 2. HP: 10/15 MP: 3/9
   240 | D:1      | Learned a level 2 spell: Call Imp
   243 | D:1      | Learned a level 2 spell: Blink
   246 | D:1      | Learned a level 2 spell: Repel Missiles
   742 | D:1      | Reached XP level 3. HP: 17/19 MP: 1/11
  1252 | D:2      | Noticed Crazy Yiuf
  1262 | D:2      | Learned a level 3 spell: Mephitic Cloud
  1271 | D:2      | Killed Crazy Yiuf
  1308 | D:2      | Reached XP level 4. HP: 24/24 MP: 5/12
  1311 | D:2      | Reached skill level 5 in Spellcasting
  1368 | D:2      | Learned a level 3 spell: Conjure Flame
  1597 | D:2      | Noticed Sigmund
  1629 | D:2      | Killed Sigmund
  1629 | D:2      | Reached XP level 5. HP: 23/28 MP: 3/15
  1633 | D:2      | Learned a level 2 spell: Slow
  1695 | D:2      | Found a radiant altar of Vehumet.
  2272 | D:3      | Noticed Gruesome's ghost (amateur OpTm)
  2327 | D:3      | Killed Gruesome's ghost
  2482 | D:3      | Noticed Robin
  2489 | D:3      | Reached XP level 6. HP: 28/32 MP: 5/16
  2659 | D:3      | Killed Robin
  2963 | D:3      | Found a basalt altar of Yredelemnul.
  2995 | D:3      | Found an ancient bone altar of Kikubaaqudgha.
  3455 | D:4      | Reached skill level 5 in Stealth
  3642 | D:4      | Found Xaoxou's Gadget Shoppe.
  3713 | D:4      | Reached XP level 7. HP: 13/36 MP: 0/19
  4251 | D:4      | Noticed Yehuk's ghost (amateur GrFi)
  4325 | D:4      | Killed Yehuk's ghost
  4496 | D:5      | Entered Level 5 of the Dungeon
  4621 | D:5      | Reached skill level 5 in Dodging
  4781 | D:5      | Reached skill level 5 in Conjurations
  4897 | D:5      | Found a staircase to the Ecumenical Temple.
  4922 | Temple   | Entered the Ecumenical Temple
  5164 | D:5      | Reached XP level 8. HP: 30/41 MP: 5/21
  5678 | D:5      | Noticed Duffy's ghost (novice FoWr)
  5750 | D:5      | Killed Duffy's ghost
  6526 | D:6      | Reached skill level 1 in Bows
  6539 | D:6      | Reached skill level 1 in Fire Magic
  6539 | D:6      | Reached skill level 1 in Poison Magic
  6571 | D:6      | Reached skill level 1 in Hexes
  6591 | D:6      | Found a shadowy altar of Dithmenos.
  6940 | D:6      | Gained mutation: You are partially covered in molten scales (AC +1). [potion of mutation]
  6940 | D:6      | Gained mutation: Your muscles are strong. (Str +2) [potion of mutation]
  6940 | D:6      | Gained mutation: Your mind is acute. (Int +2) [potion of mutation]
  7373 | D:6      | Reached XP level 9. HP: 45/45 MP: 14/23
  8603 | D:6      | Found a blossoming altar of Fedhas.
  8658 | D:7      | Noticed Pikel
  9022 | D:7      | HP: 2/45 [wight/enchanted halberd (7)]
  9022 | D:7      | Slain by a wight

Vault maps used:
D:1:      scummos_arrival_simple_fountains, wad_floor_pattern_untrapped,
          minmay_surrounded
D:2:      vehumet_crystals, uniq_sigmund, uniq_crazy_yiuf_cottage
D:3:      lemuel_zombie_altar_yredelemnul, lemuel_round_altar, uniq_robin
D:4:      serial_shops, shop
D:5:      temple_fountains, first_bread, serial_bayou, serial_bayou_pond_c,
          serial_bayou_pond_b, serial_bayou_shore_b, serial_bayou_shore_b,
          serial_bayou_shore_b
D:6:      nicolae_dithmenos_through_a_glass_darkly, lemuel_round_altar
D:7:      the_bakery, uniq_pikel
D:8:      erik_lair_island, lemuel_old_faithful
Temple:   chambers_temple_12

Skill      XL: |  1  2  3  4  5  6  7  8  9 |
---------------+----------------------------+-----
Stealth        | 3 4 5 6 7 8 |  8.0
Conjurations   | 2 3 4 5 |  5.7
Dodging        | 3 4 5 6 7 |  7.0
Spellcasting   | 5 6 7 8 |  8.3
Bows           | 2 |  2.4
Fire Magic     | 1 2 |  2.2
Poison Magic   | 2 |  2.5
Hexes          | 2 |  2.9
Summonings     | 2 3 |  3.1
Translocations | 2 |  2.7

Action                   |  1- 3 |  4- 6 |  7- 9 || total
-------------------------+-------+-------+-------++-------
Melee: Dagger            |    14 |       |    12 ||    26
       Quarterstaff      |       |     4 |     8 ||    12
 Fire: Shortbow          |       |       |    86 ||    86
Throw: Throwing net      |       |       |     1 ||     1
 Cast: Magic Dart        |    78 |   102 |   205 ||   385
       Repel Missiles    |     2 |       |     1 ||     3
       Mephitic Cloud    |     1 |     9 |    41 ||    51
       Call Imp          |       |    27 |    66 ||    93
       Conjure Flame     |       |     1 |    13 ||    14
       Blink             |       |     1 |     6 ||     7
       Slow              |       |       |     1 ||     1
Evoke: Wand              |       |       |     6 ||     6
  Use: Potion            |       |       |     5 ||     5
       Scroll            |       |       |     8 ||     8
 Stab: Confused          |       |       |     2 ||     2
  Eat: Chunk             |       |     7 |    10 ||    17
       Fruit             |       |     2 |       ||     2
       Meat ration       |       |       |     2 ||     2
Armor: Robe              |     2 |     1 |       ||     3
       Animal skin       |       |     1 |    18 ||    19
       Skin              |       |       |     1 ||     1
Dodge: Dodged            |    12 |    27 |   108 ||   147
       Deflected         |     2 |       |     7 ||     9
